[Event "*** Titled Tuesday Blitz"]
[Site "Chess.com"]
[Date "2021.04.27"]
[Round "4"]
[White "LazyIM"]
[Black "mapleaff"]
[Result "1-0"]
[WhiteElo "2612"]
[BlackElo "2397"]
[TimeControl "180+1"]
[EndTime "10:37:11 PDT"]
[Termination "LazyIM won by resignation"]

1. e4 e5 2. Nf3 Nc6 3. Bb5 Nf6 4. O-O Nxe4 5. Re1 Nd6 6. Nxe5 Be7 7. Bf1 Nxe5 8. Rxe5 O-O 9. d4 Bf6 10. Re1 Re8 11. Bf4 Rxe1 12. Qxe1 Qe8 13. Nc3 Qe6 14.
d5 Qxe1 15. Rxe1 Kf8 16. Bxd6+ cxd6 17. Nb5 Be5 18. f4 a6 19. Nc7 Rb8 20. fxe5 dxe5 21. Rxe5 f6 22. Re8+ Kf7 23. d6 b5 24. g4 g6 25. Bg2 Rb6 26. Rxc8 Rxd6 27. Nd5 a5 28. c3 h6 29. h4 1-0

[Event "*** Titled Tuesday Blitz"]
[Site "Chess.com"]
[Date "2021.04.27"]
[Round "4"]
[White "AntonovaNadezhda"]
[Black "827883"]
[Result "1-0"]
[WhiteElo "2112"]
[BlackElo "2244"]
[TimeControl "180+1"]
[EndTime "10:37:11 PDT"]
[Termination "AntonovaNadezhda won by checkmate"]

1. d4 d5 2. Nf3 Nf6 3. e3 e6 4.
Nbd2 c5 5. Bd3 Nc6 6. b3 Bd6 7. Bb2 O-O 8. a3 b6 9. Ne5 Qc7 10. f4 a5 11. Qe2 Nb8 12. O-O Ba6 13. c4 cxd4 14. exd4 Nbd7 15. Rac1 Qd8 16. Kh1 Bb7 17. Rf3 Qe7 18. Nxd7 Qxd7 19. c5 bxc5 20. dxc5 Bc7 21. Bxf6 g6 22. Rh3 Bd8 23. Qh5 gxh5 24. Rg3# 1-0

[Event "*** Titled Tuesday Blitz"]
[Site "Chess.com"]
[Date "2021.04.27"]
[Round "4"]
[White "pastouche06"]
[Black "Elshan1985"]
[Result "0-1"]
[WhiteElo "2569"]
[BlackElo "2886"]
[TimeControl "180+1"]
[EndTime "10:37:12 PDT"]
[Termination "Elshan1985 won by resignation"]

1. d4 Nf6 2. c4 e6 3. Nc3 Bb4 4. f3 d5 5. a3 Bxc3+ 6. bxc3 c6 7. e3 O-O 8. cxd5 cxd5 9. c4 dxc4 10. Bxc4 b5 11. Bd3 Nc6 12. Ne2 e5 13. O-O a6 14.
Bb2 exd4 15. Nxd4 Ne5 16. Be2 Qb6 17. Qb3 Re8 18. Rac1 Bb7 19. Kh1 Bd5 20. Qd1 Bc4 21.
Nf5 Rad8 22. Qe1 g6 23. Nd4 Bxe2 24. Qxe2 Nc4 25. Qf2 Nxb2 26. Qxb2 Rxe3 27. Nc6 Rd6 28. Nb4 a5 29. Na2 Qd4 30. Qf2 Rxa3 31. Rc8+ Kg7 32. Qc2 Qd3 0-1

[Event "*** Titled Tuesday Blitz"]
[Site "Chess.com"]
[Date "2021.04.27"]
[Round "4"]
[White "platy3"]
[Black "PolandHussars"]
[Result "1-0"]
[WhiteElo "2851"]
[BlackElo "2624"]
[TimeControl "180+1"]
[EndTime "10:37:22 PDT"]
[Termination "platy3 won by checkmate"]

1. e4 e5 2. Nf3 Nc6 3. Bc4 g6 4. d4 exd4 5. Nxd4 Bg7 6. Nxc6 bxc6 7. O-O Ne7 8. Nc3 Rb8 9. Bb3 O-O 10. Bf4 d6 11. Qd2 Re8 12. Rad1 Be6 13. Bg5 Qc8 14. f4 c5 15. f5 Bd4+ 16. Kh1 Bxb3 17. axb3 f6 18.
Be3 Be5 19. Bf4 Bd4 20. Ne2 Nc6 21. c3 Be5 22. Qd5+ Kg7 23. Qxc6 Rxb3 24. Bxe5 Rxe5 25. Nf4 Rxb2 26. Ne6+ Kh6 27. Rf3 Rxe6 28. fxe6 Qxe6 29. Rh3+ Kg5 30. e5 fxe5 31. Qf3 h5 32. Qe3+ Kf6 33. Rf1+ Kg7 34. Rhf3 a5 35. Qg5 a4 36. Qd8 a3 37.
Qf8+ Kh7 38. Rf7+ Qxf7 39. Rxf7# 1-0

[Event "*** Titled Tuesday Blitz"]
[Site "Chess.com"]
[Date "2021.04.27"]
[Round "4"]
[White "Julianos82"]
[Black "lacafi"]
[Result "1-0"]
[WhiteElo "2317"]
[BlackElo "2170"]
[TimeControl "180+1"]
[EndTime "10:37:22 PDT"]
[Termination "Julianos82 won by resignation"]

1. d4 f5 2. Bf4 Nf6 3. e3 g6 4. h4 Bg7 5. h5 d5 6. c4 e6 7. Nc3 c6 8. Nf3 Nxh5 9. Rxh5 gxh5 10.
Ne5 O-O 11. Qxh5 Nd7 12. Bd3 Qe8 13. Qh3 Nxe5 14. dxe5 Qg6 15. O-O-O Rf7 16. Rh1 Bf8 17. g4 Qxg4 18. Qh2 Kh8 19. Rg1 Qf3 20. Be2 1-0

[Event "*** Titled Tuesday Blitz"]
[Site "Chess.com"]
[Date "2021.04.27"]
[Round "4"]
[White "Joshukid"]
[Black "gmpeter008"]
[Result "0-1"]
[WhiteElo "2602"]
[BlackElo "2448"]
[TimeControl "180+1"]
[EndTime "10:37:26 PDT"]
[Termination "gmpeter008 won by resignation"]

1. Nf3 d5 2. c4 dxc4 3. e3 Nf6 4.
Bxc4 c5 5. b3 a6 6. Bb2 b5 7.
Be2 Bb7 8. O-O Nbd7 9. d4 e6 10. a4 b4 11. Nbd2 Be7 12. Nc4 O-O 13. a5 Ne4 14.
dxc5 Ndxc5 15. Qc2 Bf6 16. Nb6 Rb8 17. Rad1 Qe7 18. Ne5 Rbd8 19. f3 Nc3 20. Bxc3 bxc3 21. Nec4 Bd5 22. b4 Nd7 23. Nxd7 Rxd7 24. Nb6 Rdd8 25.
Rb1 Bb7 26. Na4 Rd2 27. Qc1 Rxe2 28. Nc5 Bg5 29. Qxc3 Bxe3+ 30. Kh1 Qg5 0-1

[Event "*** Titled Tuesday Blitz"]
[Site "Chess.com"]
[Date "2021.04.27"]
[Round "4"]
[White "elcandado"]
[Black "LamaChampetre"]
[Result "1-0"]
[WhiteElo "2633"]
[BlackElo "2208"]
[TimeControl "180+1"]
[EndTime "10:37:28 PDT"]
[Termination "elcandado won by resignation"]

1. d4 Nf6 2. Bf4 g6 3. Nc3 d5 4. Nb5 Na6 5. e3 Bg7 6. h3 O-O 7.
Nf3 c6 8. Na3 Bf5 9. Be2 Re8 10.
O-O Nc7 11. c4 Be4 12. Rc1 Nd7 13. Nd2 Bf5 14. Bxc7 Qxc7 15. cxd5 e5 16. dxc6 bxc6 17. d5 Nb6 18. Rxc6 Qd7 19. e4 Bxh3 20. gxh3 Qxh3 21.
Qb3 Qh6 22. Qe3 Qh4 23. Qg3 Qe7 24. Rfc1 Bh6 25. R1c2 Bf4 26. Qg4 h5 27. Qg2 Rad8 28. Nf1 h4 29. Bg4 Qg5 30. Bh3 Qh6 31. Nb5 Kh8 32.
Nxa7 Rg8 33. Rxb6 1-0

[Event "*** Titled Tuesday Blitz"]
[Site "Chess.com"]
[Date "2021.04.27"]
[Round "4"]
[White "WonderChampion"]
[Black "superchess02"]
[Result "0-1"]
[WhiteElo "2112"]
[BlackElo "2777"]
[TimeControl "180+1"]
[EndTime "10:37:35 PDT"]
[Termination "superchess02 won by resignation"]

1. d4 Nf6 2. Bg5 g6 3. Bxf6 exf6 4. e4 Bg7 5. Nf3 h5 6. Nc3 d6 7. Bc4 Nd7 8. O-O O-O 9. Re1 Re8 10. Nd5 c6 11.
Nf4 Nf8 12. c3 b5 13. Bb3 Bh6 14. Nd3 f5 15. exf5 Bxf5 16. Rxe8 Qxe8 17. Bc2 Qe7 18. Qe1 Qd7 19. h3 Re8 20. Qf1 g5 21. Re1 Ne6 22. Bb1 Qd8 23. b3 g4 24. hxg4 hxg4 25. Nh2 Qh4 26. g3 Qh5 27. Qg2 Rc8 28.
Nf1 Kg7 29. Ne3 Bxe3 30. Rxe3 Rh8 31. Re1 Ng5 32. Rd1 Nf3+ 33. Kf1 Qg5 34. Nf4 Bxb1 35. Rxb1 Rh2 0-1

[Event "*** Titled Tuesday Blitz"]
[Site "Chess.com"]
[Date "2021.04.27"]
[Round "4"]
[White "szefru"]
[Black "lamomiablanca"]
[Result "0-1"]
[WhiteElo "2164"]
[BlackElo "2396"]
[TimeControl "180+1"]
[EndTime "10:37:35 PDT"]
[Termination "lamomiablanca won by resignation"]

1. e4 c5 2. Nf3 Nc6 3. Bb5 Nf6 4. e5 Nd5 5. O-O Qc7 6. Bxc6 dxc6 7. Nc3 Bg4 8. Re1 Nxc3 9. bxc3 e6 10. h3 Bh5 11. d3 Be7 12. Bf4 O-O 13. Re3 Rad8 14. Qd2 c4 15. d4 c5 16. Nh2 cxd4 17. cxd4 b5 18. c3 a5 19. Ng4 Bg6 20. Rg3 Kh8 21.
Bg5 b4 22. Bxe7 Qxe7 23. f4 Rb8 24. Rc1 b3 25. axb3 cxb3 26. Qb2 a4 27. Ra1 a3 28. Rxa3 Qxa3 29. Qxa3 b2 30. h4 b1=Q+ 31. Kh2 Rfe8 32.
Ne3 Qe4 33. f5 exf5 34. Qd6 f4 0-1

[Event "*** Titled Tuesday Blitz"]
[Site "Chess.com"]
[Date "2021.04.27"]
[Round "4"]
[White "UnknownxArmy"]
[Black "ariosp"]
[Result "1-0"]
[WhiteElo "2376"]
[BlackElo "2203"]
[TimeControl "180+1"]
[EndTime "10:37:37 PDT"]
[Termination "UnknownxArmy won by resignation"]

1. e4 e5 2. Nf3 Nc6 3. Bb5 a6 4. Ba4 d6 5. O-O Ne7 6. c3 Ng6 7. d4 Bd7 8. Re1 Be7 9. Nbd2 O-O 10. Bb3 Kh8 11. Nf1 Bg4 12. h3 Bxf3 13. Qxf3 exd4 14. Ng3 dxc3 15. bxc3 Bf6 16. Nh5 Be5 17. Qe3 Qh4 18. Bd1 f5 19. f4 Bf6 20. Kh2 Bd8 21.
exf5 Nge7 22. g3 Nxf5 23. gxh4 Nxe3 24. Bxe3 g6 25. Ng3 Bf6 26. Rc1 Rae8 27. Bf3 Bxh4 28. Kg2 Na5 29. Bd4+ 1-0

[Event "*** Titled Tuesday Blitz"]
[Site "Chess.com"]
[Date "2021.04.27"]
[Round "4"]
[White "aaaao"]
[Black "pavelalexandru07"]
[Result "1-0"]
[WhiteElo "2677"]
[BlackElo "2349"]
[TimeControl "180+1"]
[EndTime "10:37:38 PDT"]
[Termination "aaaao won by resignation"]

1. e4 c5 2. Nf3 d6 3. d4 cxd4 4. Qxd4 Nc6 5. Bb5 a6 6. Bxc6+ bxc6 7. c4 e5 8. Qd3 h6 9. Nc3 Nf6 10. O-O Be6 11. b3 Qc7 12. Ba3 Be7 13. Rad1 Rd8 14.
Rfe1 O-O 15. h3 Nh5 16. Bc1 f5 17. exf5 Bxf5 18. Qe2 Bh7 19. Nxe5 dxe5 20. Qxh5 Rf5 21. Rxd8+ Qxd8 22. Qe2 Bb4 23. Rd1 Qf8 24. Ne4 Bg6 25. Rd7 Kh7 26. Qg4 Be1 27. Be3 Bh5 28. Rxg7+ Kh8 29. Rg8+ Qxg8 30. Qxf5 Bg6 31. Qxe5+ Kh7 1-0

[Event "*** Titled Tuesday Blitz"]
[Site "Chess.com"]
[Date "2021.04.27"]
[Round "4"]
[White "eduardoperalta"]
[Black "ChadBiryani"]
[Result "0-1"]
[WhiteElo "2467"]
[BlackElo "2311"]
[TimeControl "180+1"]
[EndTime "10:37:43 PDT"]
[Termination "ChadBiryani won on time"]

1. d4 f5 2. c4 e6 3. Nc3 Nf6 4. Bg5 Be7 5. Nf3 O-O 6. e3 Ne4 7. Bxe7 Qxe7 8. Bd3 Nxc3 9. bxc3 d6 10. O-O e5 11. e4 f4 12. c5 Nd7 13. cxd6 cxd6 14. Qb3+ Kh8 15. Rfe1 g5 16. h3 h5 17. dxe5 dxe5 18.
Nh2 Nf6 19. Qb4 Qg7 20. Qd6 g4 21. hxg4 Nxg4 22. Nxg4 Bxg4 23. Bf1 Rad8 24. Qc5 b6 25. Qa3 f3 26. g3 h4 0-1

[Event "*** Titled Tuesday Blitz"]
[Site "Chess.com"]
[Date "2021.04.27"]
[Round "4"]
[White "GP9isback23"]
[Black "tapu2"]
[Result "0-1"]
[WhiteElo "2535"]
[BlackElo "2718"]
[TimeControl "180+1"]
[EndTime "10:37:45 PDT"]
[Termination "tapu2 won by resignation"]

1. d4 Nf6 2. Nf3 d5 3. c4 e6 4. Nc3 dxc4 5. e3 a6 6. a4 c5 7.
Bxc4 Nc6 8. O-O Be7 9. b3 O-O 10.
Bb2 cxd4 11. exd4 Nb4 12. Re1 b6 13. Qe2 Bb7 14. Rad1 Nbd5 15. Ne5 Bb4 16. Rc1 Rc8 17. Nxd5 exd5 18. Bxa6 Bxa6 19. Qxa6 Bxe1 20. Rxe1 Qd6 21. Qb5 Rc2 22. Bc1 Ne4 23. Be3 Rfc8 24. h3 f6 25. Nf3 Qc6 26. Qxc6 R8xc6 27. Rb1 Nc3 28. Ra1 Rb2 29.
Nd2 Ne2+ 30. Kf1 Nxd4 31. Bxd4 Rxd2 32. Be3 Rb2 33. Ra3 d4 0-1

[Event "*** Titled Tuesday Blitz"]
[Site "Chess.com"]
[Date "2021.04.27"]
[Round "4"]
[White "beto-betun"]
[Black "vanyakuba"]
[Result "0-1"]
[WhiteElo "2207"]
[BlackElo "2388"]
[TimeControl "180+1"]
[EndTime "10:37:45 PDT"]
[Termination "vanyakuba won by resignation"]

1. d4 d5 2. Nf3 c5 3. g3 Nf6 4. Bg2 Nc6 5. O-O e6 6. c4 Be7 7. dxc5 Bxc5 8. Bg5 O-O 9. cxd5 exd5 10. Nc3 d4 11. Na4 Be7 12. Rc1 h6 13. Bf4 Be6 14. b3 Ba3 15. Rc2 Bf5 16. Rd2 Ne4 17. Rd3 Nf6 18. Rd2 Bb4 19. Rxd4 Nxd4 20. Nxd4 Be4 21.
f3 Bh7 22. Nb2 Bc5 23. Be3 Nd5 24. Bf2 Nc3 25. Qd2 Bxd4 26. Qxd4 Nxe2+ 0-1

[Event "*** Titled Tuesday Blitz"]
[Site "Chess.com"]
[Date "2021.04.27"]
[Round "4"]
[White "Andreikka"]
[Black "GregShahade"]
[Result "1-0"]
[WhiteElo "2880"]
[BlackElo "2665"]
[TimeControl "180+1"]
[EndTime "10:37:46 PDT"]
[Termination "Andreikka won on time"]

1. d4 Nf6 2. c4 g6 3. Nc3 d5 4. cxd5 Nxd5 5. e4 Nxc3 6. bxc3 Bg7 7. Nf3 c5 8. Be3 Bg4 9. Qa4+ Nd7 10. Be2 O-O 11.
Rd1 cxd4 12. cxd4 Nb6 13. Qb3 Rc8 14. O-O Qd6 15. d5 Rc3 16. Qb1 Rfc8 17. Bd2 Rc2 18. Bb4 Qd7 19. Rd2 Rxd2 20. Bxd2 Nc4 21. Bf4 b5 22. h3 Bxf3 23. Bxf3 a5 24. Bg4 e6 25. dxe6 fxe6 26. Rd1 Qe8 27. h4 b4 28. Qb3 Kh8 29. Qh3 Rc6 30. h5 Nb2 31. hxg6 1-0

[Event "*** Titled Tuesday Blitz"]
[Site "Chess.com"]
[Date "2021.04.27"]
[Round "4"]
[White "K_A_S_T_O_R"]
[Black "TomasKapitanchuk"]
[Result "1-0"]
[WhiteElo "2777"]
[BlackElo "2553"]
[TimeControl "180+1"]
[EndTime "10:37:46 PDT"]
[Termination "K_A_S_T_O_R won by resignation"]

1. e4 c5 2. Nf3 e6 3. d4 cxd4 4.
Nxd4 Nc6 5. Nb5 d6 6. c4 Nf6 7. N1c3 a6 8. Na3 Be7 9. Be2 b6 10. O-O Bb7 11. Be3 O-O 12. Rc1 Rc8 13. Qd2 Ne5 14. f3 Qc7 15. Rfd1 Ned7 16. Bf1 Qb8 17. Kh1 Kh8 18. Rc2 Rg8 19. Qf2 Bd8 20. Rcd2 Bc7 21. Qh4 Ne5 22. Bd4 g5 23. Qe1 Rg6 24. Nc2 Rcg8 25.
b3 Nh5 26. Ne2 f6 27. Ne3 Nf4 28. Qf2 Qa8 29. Bb2 h5 30. Nd4 h4 31. g3 hxg3 32. hxg3 Rh6+ 33. Kg1 Nxf3+ 34. Nxf3 Bxe4 35. Nh2 d5 36.
Neg4 1-0

[Event "*** Titled Tuesday Blitz"]
[Site "Chess.com"]
[Date "2021.04.27"]
[Round "4"]
[White "mirochka"]
[Black "lucachess49"]
[Result "0-1"]
[WhiteElo "2224"]
[BlackElo "2426"]
[TimeControl "180+1"]
[EndTime "10:37:46 PDT"]
[Termination "lucachess49 won on time"]

1. e4 e5 2. Nf3 Nc6 3. d4 exd4 4. c3 Nf6 5. e5 Nd5 6. cxd4 Bb4+ 7.
Bd2 Bxd2+ 8. Qxd2 O-O 9. Bc4 Nb6 10. Bd3 d6 11. O-O dxe5 12. dxe5 Bg4 13. Qe3 Bxf3 14. gxf3 Nxe5 15. Bxh7+ Kxh7 16. Qxe5 Qd5 17. Qxc7 Qxf3 18. Nc3 Rac8 19. Qg3 Qh5 20. Ne4 Rc6 21. Kh1 Rg6 22.
Qf4 Nd5 0-1

[Event "*** Titled Tuesday Blitz"]
[Site "Chess.com"]
[Date "2021.04.27"]
[Round "4"]
[White "muthaiahchess"]
[Black "Trickster_Pony"]
[Result "1-0"]
[WhiteElo "2364"]
[BlackElo "1621"]
[TimeControl "180+1"]
[EndTime "10:37:48 PDT"]
[Termination "muthaiahchess won by resignation"]

1. e4 c5 2. Nf3 g6 3. c3 Nf6 4. e5 Nd5 5. d4 cxd4 6. cxd4 Nc6 7. Bc4 Nb6 8. Bb3 d5 9. exd6 Qxd6 10. h3 Bg7 11. Be3 Nb4 12. Nc3 N4d5 13. O-O O-O 14. Qe2 Be6 15. Ng5 Bf5 16. Qf3 Rfd8 17. g4 Bd3 18. Qxf7+ Kh8 19. Qxd5 Nxd5 20. Nf7+ Kg8 21.
Nxd6 Rxd6 22. Nxd5 Bxf1 23. Rxf1 e6 24. Nc7 Rc8 25.
Bxe6+ 1-0

[Event "*** Titled Tuesday Blitz"]
[Site "Chess.com"]
[Date "2021.04.27"]
[Round "4"]
[White "m_ezat"]
[Black "Nikolaj_6"]
[Result "1-0"]
[WhiteElo "2503"]
[BlackElo "2643"]
[TimeControl "180+1"]
[EndTime "10:37:49 PDT"]
[Termination "m_ezat won by checkmate"]

1. d4 Nf6 2. c4 e6 3. Nc3 Bb4 4. e3 b6 5. a3 Bxc3+ 6. bxc3 Bb7 7. f3 c5 8. Bd3 d6 9. Ne2 Nbd7 10.
O-O O-O 11. e4 e5 12. Ng3 Ne8 13. f4 cxd4 14. cxd4 exd4 15. Bb2 Rc8 16. Bxd4 f6 17. Qg4 Kh8 18. Nf5 Nc5 19. Bc2 Rc7 20. Rae1 Bc8 21.
Qh4 Ne6 22. Ba1 Rxc4 23. Bd3 Ra4 24. e5 g6 25. exf6 Nxf6 26. Nxd6 Qxd6 27. Bxg6 Nd4 28.
Re3 Bf5 29. Rg3 Ne2+ 30. Kf2 Nxg3 31. Qxh7# 1-0

[Event "*** Titled Tuesday Blitz"]
[Site "Chess.com"]
[Date "2021.04.27"]
[Round "4"]
[White "Chernov_Alexander_A"]
[Black "Sueetin"]
[Result "1-0"]
[WhiteElo "2330"]
[BlackElo "2498"]
[TimeControl "180+1"]
[EndTime "10:37:53 PDT"]
[Termination "Chernov_Alexander_A won by resignation"]

1. Nf3 Nf6 2. g3 c5 3. Bg2 Nc6 4. O-O e5 5. d3 d5 6. c4 d4 7. e3 Be7 8. exd4 exd4 9. Bf4 O-O 10. Ne5 Nxe5 11. Bxe5 Ng4 12. Bf4 Bd6 13. Bxd6 Qxd6 14. Nd2 Bf5 15. Ne4 Bxe4 16. Bxe4 Ne5 17. Re1 Rae8 18.
f4 Nc6 19. Qf3 Nb4 20. Re2 b6 21. Rae1 Nxa2 22. Bxh7+ Kxh7 23. Rxe8 Rxe8 24. Rxe8 g6 25. Qg4 Kg7 26. Qh4 1-0

[Event "*** Titled Tuesday Blitz"]
[Site "Chess.com"]
[Date "2021.04.27"]
[Round "4"]
[White "Jungle_Jaguar"]
[Black "Superfelix"]
[Result "0-1"]
[WhiteElo "2693"]
[BlackElo "2510"]
[TimeControl "180+1"]
[EndTime "10:37:55 PDT"]
[Termination "Superfelix won by resignation"]

1. e4 c6 2. d4 g6 3. Nc3 d5 4. Be3 dxe4 5. Nxe4 Nf6 6. Bd3 Bg7 7. h3 Nxe4 8. Bxe4 Bf5 9. Bf3 Qb6 10. b3 a5 11.
Ne2 a4 12. O-O Qc7 13. Bf4 Qd7 14. c3 O-O 15. bxa4 Be6 16. Ng3 f5 17. Re1 Bc4 18.
Qc2 e6 19. Rab1 Na6 20. Qb2 Rf7 21. Nf1 Bd5 22. Be2 h6 23. Nd2 c5 24. Bb5 Qc8 25. Be5 cxd4 26. cxd4 Bxe5 27. Rxe5 Nc7 28. Nb3 Nxb5 29.
axb5 Qc4 30. b6 Ra6 31. Rc1 Qb4 32. Rc8+ Kg7 33. Qc1 Rxa2 34. Nc5 Qxd4 35. Re1 Qxf2+ 0-1

[Event "*** Titled Tuesday Blitz"]
[Site "Chess.com"]
[Date "2021.04.27"]
[Round "4"]
[White "LifeIsAllAboutChess23"]
[Black "The_filthy"]
[Result "0-1"]
[WhiteElo "2194"]
[BlackElo "2415"]
[TimeControl "180+1"]
[EndTime "10:37:55 PDT"]
[Termination "The_filthy won on time"]

1. d4 d5 2. Bg5 c5 3. dxc5 Nc6 4. e3 h6 5. Bh4 Qa5+ 6. Nc3 e6 7. a3 Qxc5 8. Nf3 a6 9. Bd3 Nf6 10. O-O Be7 11. Bg3 O-O 12. Ne5 Nxe5 13. Bxe5 Nd7 14. Bg3 f5 15. e4 fxe4 16. Be2 Nf6 17. Be5 Bd6 18. Bd4 Qc7 19. g3 e5 20. Be3 d4 21.
b3 Qxc3 22. Bc4+ Kh7 23. Bd2 Qf3 24. Be2 Qf5 25. h3 Qxh3 26. Re1 Ng4 27. Bxg4 Bxg4 0-1

[Event "*** Titled Tuesday Blitz"]
[Site "Chess.com"]
[Date "2021.04.27"]
[Round "4"]
[White "ChessAdvanceUSA"]
[Black "Karttunen"]
[Result "0-1"]
[WhiteElo "2312"]
[BlackElo "2508"]
[TimeControl "180+1"]
[EndTime "10:37:56 PDT"]
[Termination "Karttunen won by resignation"]

1. Nc3 Nf6 2. d4 d5 3. Bg5 Nbd7 4.
Nf3 e6 5. e4 Be7 6. Bxf6 Nxf6 7. Bd3 Bb4 8. exd5 Nxd5 9. O-O Nxc3 10. bxc3 Bxc3 11. Rb1 Ba5 12. Ne5 g6 13. c4 c6 14.
Qf3 O-O 15. Rfd1 Bc7 16. Ng4 f5 17. Ne5 Qxd4 0-1

[Event "*** Titled Tuesday Blitz"]
[Site "Chess.com"]
[Date "2021.04.27"]
[Round "4"]
[White "Caterpiller35"]
[Black "picturesquecheck"]
[Result "1-0"]
[WhiteElo "2490"]
[BlackElo "2297"]
[TimeControl "180+1"]
[EndTime "10:38:00 PDT"]
[Termination "Caterpiller35 won by checkmate"]

1. d4 Nf6 2. Bg5 d5 3. e3 e6 4. Nd2 Be7 5. Bd3 O-O 6. f4 c5 7. c3 b6 8. Ngf3 Bb7 9. Ne5 Nc6 10. Qf3 Rc8 11. Qh3 g6 12. Ndf3 Ne4 13. Bxe7 Qxe7 14.
Bxe4 dxe4 15. Ng5 h5 16. g4 Nxe5 17. dxe5 Kg7 18. O-O-O Rh8 19. Rhg1 hxg4 20. Qxg4 Rxh2 21. Rd6 Bd5 22. c4 Bxc4 23. Nxe4 Rch8 24. Nf6 Rh1 25. b3 Rxg1+ 26. Qxg1 Bd5 27. Qg5 Rh1+ 28. Kb2 Rh2+ 29.
Ka3 c4 30. Nh5+ Kf8 31. Qh6+ Ke8 32. Qh8+ Qf8 33. Nf6+ Ke7 34. Rd7# 1-0

[Event "*** Titled Tuesday Blitz"]
[Site "Chess.com"]
[Date "2021.04.27"]
[Round "4"]
[White "Chandradi"]
[Black "jraosam"]
[Result "1-0"]
[WhiteElo "2369"]
[BlackElo "1861"]
[TimeControl "180+1"]
[EndTime "10:38:00 PDT"]
[Termination "Chandradi won on time"]

1. c4 e6 2. g3 d5 3. Bg2 c5 4. cxd5 exd5 5. Nf3 d4 6. O-O Nf6 7. e3 Be7 8. exd4 cxd4 9. b3 O-O 10. Bb2 Nc6 11.
d3 Bg4 12. h3 Bf5 13. Na3 Qd7 14. Kh2 Rfe8 15. Nc2 Bc5 16. a3 a5 17. Rc1 Qd6 18. b4 axb4 19. axb4 Nxb4 20. Nxb4 Bxb4 21. Nxd4 Bg6 22.
Bxb7 Rab8 23. Bc6 Red8 24. Qf3 Bc5 25. Nb5 Qxd3 26. Qxd3 Bxd3 27. Rfd1 Bxf2 28. Be5 Rbc8 29. Nd6 1-0

[Event "*** Titled Tuesday Blitz"]
[Site "Chess.com"]
[Date "2021.04.27"]
[Round "4"]
[White "WiktoriaPOL"]
[Black "I_am_a_Miracle"]
[Result "0-1"]
[WhiteElo "2043"]
[BlackElo "2379"]
[TimeControl "180+1"]
[EndTime "10:38:01 PDT"]
[Termination "I_am_a_Miracle won by resignation"]

1. e4 g6 2. d4 Bg7 3. Nc3 d6 4.
Be3 a6 5. Qd2 b5 6. h4 h6 7. h5 g5 8. f4 gxf4 9. Bxf4 Bb7 10. Nf3 Nd7 11. Rh3 e6 12. Rg3 Bf8 13. Bd3 c5 14. d5 e5 15. Be3 Ngf6 16. Rh3 c4 17. Bf1 b4 18. Ne2 Nxe4 19. Qxb4 Bxd5 20. Nc3 Nxc3 21. Qxc3 Be6 22. Rg3 Nf6 23. Nd2 d5 24.
Bg1 Rb8 25. b3 Bb4 26. Qf3 Ne4 27. Be3 Qh4 28. O-O-O Qxg3 29. Nxe4 Qxf3 30. gxf3 dxe4 31. fxe4 cxb3 0-1

[Event "*** Titled Tuesday Blitz"]
[Site "Chess.com"]
[Date "2021.04.27"]
[Round "4"]
[White "Aygehovit1992"]
[Black "djano"]
[Result "0-1"]
[WhiteElo "2634"]
[BlackElo "2489"]
[TimeControl "180+1"]
[EndTime "10:38:02 PDT"]
[Termination "djano won by resignation"]

1. Nf3 d5 2. g3 c6 3. Bg2 g6 4. O-O Bg7 5. d4 Nf6 6. Bg5 O-O 7. Nbd2 Bf5 8. c3 Nbd7 9. Ne5 Nxe5 10. dxe5 Ng4 11.
e4 dxe4 12. Nxe4 Nxe5 13. Qxd8 Rfxd8 14. Bxe7 Bxe4 15. Bxe4 Re8 16. Bg5 Nc4 17. Bf3 Nxb2 18. Rab1 Bxc3 19. Rfc1 Bg7 20. Rc2 Nd3 21. Be3 Ne5 22.
Bg2 Re7 23. Bc5 Rd7 24. h4 h5 25. Be3 0-1

[Event "*** Titled Tuesday Blitz"]
[Site "Chess.com"]
[Date "2021.04.27"]
[Round "4"]
[White "Hypercar"]
[Black "kubal123"]
[Result "1-0"]
[WhiteElo "2603"]
[BlackElo "2284"]
[TimeControl "180+1"]
[EndTime "10:38:02 PDT"]
[Termination "Hypercar won on time"]

1. d4 Nf6 2. Nf3 g6 3. g3 Bg7 4. Bg2 O-O 5. O-O d6 6. c4 e5 7. dxe5 Ne4 8. exd6 Nxd6 9. Na3 Nc6 10. Ne1 Be6 11.
Bd5 Qe7 12. Nd3 Rad8 13. Bxc6 bxc6 14. Qc2 Bh3 15. Re1 Nf5 16. e3 Qe4 17. Nf4 Qxc2 18. Nxc2 Bg4 19. Kg2 Nd6 20. f3 Be6 21. Nxe6 fxe6 22.
Na3 Rb8 23. Rb1 Rb4 24. b3 a5 25. Bd2 Rb7 26. Nc2 a4 27. Nd4 Bxd4 28. exd4 axb3 29. axb3 Kf7 30. Rec1 Rfb8 31. b4 Ra7 32. Rb2 Rba8 33.
Kf2 Ra2 34. Rxa2 Rxa2 35. Ke3 Ra3+ 36. Ke2 Ra2 37. Kd3 Ra3+ 38. Rc3 Ra1 39. Rb3 Rh1 40. h4 Rh3 41. Bf4 Nf5 42. b5 Nxg3 43. bxc6 1-0

[Event "*** Titled Tuesday Blitz"]
[Site "Chess.com"]
[Date "2021.04.27"]
[Round "4"]
[White "Triumphmate"]
[Black "rachidhuilda"]
[Result "1-0"]
[WhiteElo "2445"]
[BlackElo "2256"]
[TimeControl "180+1"]
[EndTime "10:38:02 PDT"]
[Termination "Triumphmate won by checkmate"]

1. e4 d5 2. exd5 Qxd5 3. Nc3 Qa5 4. g3 c6 5. Bg2 Nf6 6. Nge2 Bf5 7. d3 e6 8. Be3 Nbd7 9. Qd2 Be7 10. O-O-O O-O 11.
h3 Nd5 12. g4 Bg6 13. h4 h5 14. Bxd5 cxd5 15. Ng3 Bb4 16. gxh5 Bh7 17. Kb1 Rac8 18. Rdg1 Rxc3 19. Bd4 Rxd3 20. Nf5 Rxd2 21. Nh6+ Kh8 22.
Bxg7# 1-0

[Event "*** Titled Tuesday Blitz"]
[Site "Chess.com"]
[Date "2021.04.27"]
[Round "4"]
[White "DonBroca"]
[Black "Nils_03"]
[Result "0-1"]
[WhiteElo "2212"]
[BlackElo "2423"]
[TimeControl "180+1"]
[EndTime "10:38:04 PDT"]
[Termination "Nils_03 won on time"]

1. e4 c5 2. Nf3 Nc6 3. d4 cxd4 4. Nxd4 Nf6 5. Nc3 d6 6. Be2 g6 7. Be3 Bg7 8. f3 O-O 9. g4 Be6 10. g5 Nh5 11. Qd2 Nxd4 12. Bxd4 Bxd4 13. Qxd4 Qb6 14. O-O-O Qxd4 15. Rxd4 Nf4 16. Bc4 Rac8 17. Bb3 a6 18. Kd2 b5 19. Ne2 Bxb3 20. cxb3 Ne6 21. Rd3 Nxg5 22.
h4 Ne6 23. h5 Kg7 24. f4 Nc5 25. Re3 e5 26. f5 g5 27. h6+ Kf6 28. Ng3 Ke7 29. f6+ Ke6 30. Rf1 Rg8 31. Nh5 Rg6 32. Ng7+ Kd7 33. Rd1 Rxf6 34. Rg3 Rg6 35. Ke3 Ne6 36.
Nf5 Nf4 0-1

[Event "*** Titled Tuesday Blitz"]
[Site "Chess.com"]
[Date "2021.04.27"]
[Round "4"]
[White "Grineva_Marianna"]
[Black "JoseRemolar"]
[Result "0-1"]
[WhiteElo "2230"]
[BlackElo "2433"]
[TimeControl "180+1"]
[EndTime "10:38:05 PDT"]
[Termination "JoseRemolar won by resignation"]

1. e4 c5 2. Nf3 d6 3. d4 cxd4 4. Nxd4 Nf6 5. Nc3 a6 6. f3 e5 7. Nb3 Be6 8. Be3 Be7 9. Qd2 O-O 10. g4 b5 11. O-O-O Nbd7 12. g5 b4 13. Na4 Nh5 14.
h4 Qc7 15. Kb1 Rfc8 16. Bd3 Nc5 17. Naxc5 dxc5 18. Nc1 c4 19. Be2 c3 20. bxc3 bxc3 21. Qe1 Bxa2+ 22. Kxa2 Qa5+ 23. Kb1 Qa3 24. Qxc3 Rxc3 25.
Bb6 Rb8 26. Nb3 Rxb6 27. Bc4 Rxc4 28. Rd7 Rxb3+ 0-1